 Dungeon Crawl Stone Soup version 0.27-a0-1312-g5cdb2b3542 (webtiles) character file.

Game seed: 6406374148313949573

69766 dolemite99 the Blocker (level 14, -2/115 HPs)
             Began as a Minotaur Fighter on June 20, 2021.
             Was the Champion of Dithmenos.
             Slain by an orc warrior (11 damage)
             ... led by an orc warlord
             ... on level 2 of the Orcish Mines on June 22, 2021.
             The game lasted 00:46:43 (31187 turns).

dolemite99 the Blocker (Minotaur Fighter)          Turns: 31187, Time: 00:46:44

Health: -2/115     AC: 19    Str: 25    XL:     14   Next: 91%
Magic:  0/16       EV: 13    Int:  5    God:    Dithmenos [******]
Gold:   512        SH: 14    Dex: 17    Spells: 13/13 levels left

rFire    . . .     SeeInvis +   a - +4 morningstar (freeze)
rCold    . . .     Faith    .   c - +0 kite shield
rNeg     . . .     Spirit   +   i - +1 chain mail {Will+}
rPois    .         Reflect  .   H - +2 hat {SInv}
rElec    .         Harm     .   p - scarf {repulsion}
rCorr    .         Rampage  .   B - +1 pair of gloves
Will     +++..                  E - +0 pair of boots
Stlth    ..........             l - amulet of guardian spirit
HPRegen  0.29/turn              L - ring "Ekegoamo" {+Blink Will+ Dex+6}
MPRegen  0.15/turn              K - ring of see invisible

@: wreathed by umbra, studying Ice Magic, repel missiles
A: horns 2, retaliatory headbutt
a: Renounce Religion, Evoke Blink, Shadow Step, Shadow Form


You were on level 2 of the Orcish Mines.
You worshipped Dithmenos.
Dithmenos was exalted by your worship.
You visited 3 branches of the dungeon, and saw 18 of its levels.
You also visited: Ice Cave.

You collected 1351 gold pieces.
You spent 839 gold pieces at shops.

Inventory:

Hand Weapons
 a - a +4 morningstar of freezing (weapon)
 b - a +2 fustibalus
 q - a +1 broad axe of electrocution
 w - a +3 broad axe of electrocution
Missiles
 f - 492 stones
 m - 119 bolts
 s - 6 curare-tipped darts
 y - 73 poisoned darts (quivered)
 F - 14 sling bullets
 S - 6 javelins
 X - 3 throwing nets
Armour
 c - a +0 kite shield (worn)
 i - a +1 chain mail of willpower (worn)
 p - a scarf of repulsion (worn)
 B - a +1 pair of gloves (worn)
 D - a +0 cloak
 E - a +0 pair of boots (worn)
 H - a +2 hat of see invisible (worn)
Jewellery
 l - an amulet of guardian spirit (around neck)
 u - a ring of poison resistance
 v - a ring of fire
 x - a ring of ice
 K - a ring of see invisible (right hand)
 L - the ring "Ekegoamo" (left hand) {+Blink Will+ Dex+6}
   (You acquired it on level 6 of the Lair of Beasts)

   [ring of dexterity]

   It affects your dexterity (+6).
   It lets you blink.
   It increases your willpower.
 N - a +6 ring of intelligence
 V - a ring of wizardry
Wands
 d - a wand of paralysis (3)
 k - a wand of iceblast (6)
 A - a wand of polymorph (22)
 P - a wand of mindburst (12)
Scrolls
 e - 2 scrolls of fog
 o - 5 scrolls of identify {@r1}
 r - 3 scrolls of magic mapping
 I - a scroll of blinking
 M - a scroll of torment
Potions
 h - a potion of brilliance
 z - 4 potions of lignification
 C - 2 potions of ambrosia
 G - 4 potions of flight
 Q - 3 potions of attraction
 R - a potion of magic
Miscellaneous
 j - a tin of tremorstones (inert)
 O - a lightning rod (inert)
 Z - a box of beasts (inert)


   Skills:
 - Level 8.0 Fighting
 - Level 12.5(14.7) Axes
 - Level 13.2(15.1) Maces & Flails
 - Level 11.6(11.8) Slings
 - Level 3.0(7.5) Throwing
 - Level 11.1 Armour
 - Level 9.2 Dodging
 - Level 13.7 Shields
 + Level 5.0 Invocations
 - Level 4.5 Evocations


You had 13 spell levels left.
You didn't know any spells.
Your spell library contained the following spells:

 Spells                   Type           Power      Damage    Failure   Level
 Animate Skeleton         Necr           0%         N/A       96%         1
 Apportation              Tloc           0%         N/A       96%         1
 Corona                   Hex            0%         N/A       96%         1
 Freeze                   Ice            0%         1d3       96%         1
 Sting                    Tmut/Pois      0%         1d3       96%         1
 Summon Small Mammal      Summ           0%         N/A       96%         1
 Call Imp                 Summ           0%         N/A       99%         2
 Ensorcelled Hibernation  Hex/Ice        0%         N/A       99%         2
 Poisonous Vapours        Pois/Air       0%         N/A       99%         2
 Call Canine Familiar     Summ           0%         N/A       100%        3
 Confusing Touch          Hex            0%         N/A       100%        3
 Conjure Flame            Conj/Fire      0%         6-21      100%        3
 Dazzling Flash           Conj/Hex       0%         N/A       100%        3
 Frozen Ramparts          Ice            0%         1d2       100%        3
 Ignite Poison            Fire/Tmut/Pois 0%         N/A       100%        3
 Mephitic Cloud           Conj/Pois/Air  0%         N/A       100%        3
 Ozocubu's Armour         Ice            0%         N/A       100%        3
 Summon Guardian Golem    Hex/Summ       0%         N/A       100%        3
 Tukima's Dance           Hex            0%         N/A       100%        3
 Hailstorm                Conj/Ice       0%         3d3       100%        4
 Olgreb's Toxic Radiance  Pois           0%         N/A       100%        4
 Summon Ice Beast         Ice/Summ       0%         N/A       100%        4
 Summon Lightning Spire   Summ/Air       0%         N/A       100%        4
 Alistair's Intoxication  Tmut/Pois      0%         N/A       100%        5
 Freezing Cloud           Conj/Ice/Air   0%         6-21      100%        5
 Metabolic Englaciation   Hex/Ice        0%         N/A       100%        5
 Summon Mana Viper        Hex/Summ       0%         N/A       100%        5


Dungeon Overview and Level Annotations

Branches:
Dungeon (10/15)            Temple (0/1) D:5            Lair (6/6) D:10
  Swamp (0/4) Lair:3        Snake (0/4) Lair:4        Slime (0/5) Lair:6
    Orc (2/2) D:9           IceCv (visited)
    Elf: Orc:2

Altars:
Cheibriados
Dithmenos
Elyvilon
Fedhas
Gozag
Hepliaklqana
Makhleb
Nemelex Xobeh
Qazlal
Ru
Sif Muna
Trog
Uskayaw
Vehumet
Wu Jian
Xom
The Shining One
Beogh
Jiyva

Shops:
D:2 *   D:5 (   D:6 (   D:10 *

Annotations:
D:5 2 transporters, mdk's ghost, novice DEFE
D:7 2 transporters, soylentgreeen202's ghost, novice TrMo
D:9 exclusion: downstairs
Lair:1 2 transporters, quinnr's ghost, journeyman DjFE
Lair:4 1 runed translucent door, paul's ghost, journeyman DrCj


Innate Abilities, Weirdness & Mutations

You have a pair of horns on your head.
You reflexively headbutt those who attack you in melee.


Message History

You fail to use your ability.
The orc warlord roars a battlecry!
The orc priest goes into a battle-frenzy!
Things that are here:
a +0 short sword; a +0 leather armour; an orc corpse
Okay, then.
You feel yourself slow down.
Things that are here:
a +0 dagger; an orc corpse
Things that are here:
a +1 falchion of holy wrath; 2 silver boomerangs; an orc corpse The orc priest mumbles some strange prayers to Beogh against you.
Beogh smites you!
* * * LOW HITPOINT WARNING * * *
As you read the scroll of fog, it crumbles to dust.
The scroll dissolves into smoke.
Unknown command.
The orc warrior no longer looks unusually strong.
The orc warlord roars a battlecry!
The orc warrior goes into a battle-frenzy!
The orc warlord roars a battlecry!
The orc priest invokes the aid of Beogh against you.
Beogh smites you!
* * * LOW HITPOINT WARNING * * *
Items here: )) [[ †.
Unknown command.
The orc priest calls down the wrath of Beogh upon you.
Beogh smites you!
* * * LOW HITPOINT WARNING * * *
Things that are here:
a +0 hand axe; a +0 leather armour; an orc corpse The orc priest invokes the aid of Beogh against you.
Beogh smites you!
* * * LOW HITPOINT WARNING * * *
You sock the orc warrior! You freeze the orc warrior.
You headbutt the orc warrior.
The orc warrior is moderately wounded.
Your shadow closely misses the orc warrior.
The orc warrior hits you with a +0 hand axe!
You die...

##.#########§#.##.#
.....#...#§§§.o)).
....$....§§§§§##))
#).....o§§§§##.) ##
#.)...o.§§§§§..) ##.
##)..o#§§§§§.#.. #..
#.)..###.#.#.)#
#.####)...###......
##.@##))..#.........
#...o.)))...........
##..................
####..)............
###.#.#.........
#...........#.
#...........##.
.O.#.........###. .
..o.........#..


You could see an orc warrior (strong).

Vanquished Creatures
  An ettin (Orc:2)
  Josephine (D:10)
  Harold (D:10)
  5 hydras
  Erica (D:10)
  3 two-headed ogres (D:10)
  4 centaur warriors (D:10)
  13 death yaks
  Urug (D:10)
  2 orc high priests (Orc:2)
  3 bog bodies (Lair:3)
  An orc knight (D:10)
  Pikel (D:8)
  4 orc sorcerers (Orc:2)
  A manticore (D:10)
  An ugly thing (D:10)
  9 elephants
  2 ice statues (IceCv)
  4 black mambas
  20 cane toads
  A torpor snail (Lair:6)
  2 rime drakes (Lair:4)
  12 komodo dragons
  A kobold demonologist (D:10)
  A tengu conjurer (D:10)
  4 tyrant leeches (Lair:6)
  2 trolls (D:10)
  4 entropy weaver simulacra (IceCv)
  3 hornets
  25 blink frogs
  11 slime creatures (IceCv)
  A shadow (D:10)
  A centaur simulacrum (D:10)
  A swamp drake (Lair:2)
  3 wraiths (D:10)
  3 vampires (D:10)
  6 wyverns
  43 yaks
  2 basilisks
  2 steam dragons
  12 vampire mosquitoes
  A swamp worm (Lair:3)
  2 wargs
  3 nagas (Lair:4)
  2 acid dragons
  8 water moccasins
  2 black bears (D:5)
  2 ice beasts
  14 orc warriors
  5 ugly thing simulacra (IceCv)
  A necrophage (D:5)
  A sky beast (D:6)
  A boggart (D:10)
  An ogre (D:10)
  6 centaurs
  25 wolves
  A lemure (D:8)
  A kobold brigand (D:6)
  24 bullfrogs
  A scorpion (D:3)
  4 gnoll sergeants
  2 glowing shapeshifter simulacra (IceCv)
  A water moccasin zombie (D:5)
  7 wights
  11 killer bees
  6 howler monkeys
  4 electric eels
  2 centaur zombies
  A bullfrog zombie (D:6)
  2 hounds
  4 jellies
  8 orc priests
  2 bullfrog skeletons
  4 iguanas
  8 orc wizards
  A hell rat (D:10)
  2 howler monkey zombies (D:9)
  15 gnolls
  2 river rats (D:10)
  5 adders
  2 white imps
  A worm (D:2)
  3 dart slugs
  62 orcs
  5 ball pythons
  8 endoplasms
  7 giant cockroaches
  14 goblins
  11 hobgoblins
  4 jackals (D:4)
  21 kobolds
  9 quokkas
  4 bats
  15 frilled lizards
  8 rats
584 creatures vanquished.

Vanquished Creatures (collateral kills)
  2 yaks (Lair:6)
  2 orcs (Orc:2)
4 creatures vanquished.

Vanquished Creatures (others)
  A cane toad (Lair:6)
  A yak (Lair:6)
  4 orc warriors (Orc:2)
  A swamp drake (Lair:2)
  An ogre (Orc:2)
  An orc priest (Orc:2)
  2 orc wizards
  3 bushes (Lair:6)
  50 fungi
  121 plants
185 creatures vanquished.

Grand Total: 773 creatures vanquished

Notes
Turn   | Place    | Note
-------+----------+-------------------------------------------
     0 | D:1      | dolemite99 the Minotaur Fighter began the quest for the
                  | Orb.
     0 | D:1      | Reached XP level 1. HP: 19/19 MP: 0/0
   190 | D:1      | Reached XP level 2. HP: 26/26 MP: 1/1
   416 | D:1      | Found a faded altar of an unknown god.
   594 | D:1      | Reached XP level 3. HP: 26/31 MP: 2/2
  1079 | D:2      | Found Futiz's General Store.
  1105 | D:2      | Bought a potion of might for 56 gold pieces
  1256 | D:2      | Reached skill level 5 in Axes
  1570 | D:2      | Reached XP level 4. HP: 39/39 MP: 3/3
  1986 | D:3      | Noticed a scorpion
  1991 | D:3      | Killed a scorpion
  1992 | D:3      | Reached XP level 5. HP: 39/45 MP: 4/4
  2320 | D:3      | Found a shadowy altar of Dithmenos.
  2325 | D:3      | Became a worshipper of Dithmenos the Shadowed
  2988 | D:4      | Reached XP level 6. HP: 48/51 MP: 5/5
  3415 | D:4      | Found a shimmering blue altar of Sif Muna.
  3415 | D:4      | Found a stormy altar of Qazlal.
  3449 | D:4      | Found a glowing golden altar of the Shining One.
  3681 | D:4      | Reached * piety under Dithmenos
  4078 | D:4      | Reached skill level 1 in Throwing
  4328 | D:5      | Entered Level 5 of the Dungeon
  4351 | D:5      | Reached ** piety under Dithmenos
  4466 | D:5      | Reached XP level 7. HP: 44/57 MP: 3/6
  4552 | D:5      | Found a bloodstained altar of Trog.
  4605 | D:5      | Found a staircase to the Ecumenical Temple.
  4696 | D:5      | Found Hogyced's Antique Weapon Shoppe.
  4748 | D:5      | Reached skill level 10 in Axes
  4932 | D:5      | Reached XP level 8. HP: 62/64 MP: 5/7
  5149 | D:5      | Found a transporter.
  5150 | D:5      | Noticed mdk's ghost (novice DEFE)
  5152 | D:5      | Found a transporter.
  5595 | D:6      | Found Siroppiv's Weapon Shop.
  6311 | D:6      | HP: 1/67 [orc priest/divine providence (9)]
  6314 | D:6      | Reached skill level 5 in Fighting
  6984 | D:2      | Bought a +1 chain mail of willpower for 231 gold pieces
  6995 | D:2      | Bought a scroll of fog for 28 gold pieces
  7096 | D:7      | Reached XP level 9. HP: 73/78 MP: 8/8
  7228 | D:7      | Noticed a two-headed ogre
  7230 | D:7      | Noticed a moth of wrath
  7233 | D:7      | Noticed soylentgreeen202's ghost (novice TrMo)
  7234 | D:7      | Found a transporter.
  7239 | D:7      | Found a transporter.
  7245 | D:7      | Found a bloodstained altar of Trog.
  7458 | D:7      | Found a radiant altar of Vehumet.
  7510 | D:7      | Reached skill level 5 in Armour
  8814 | D:8      | Reached *** piety under Dithmenos
  9134 | D:8      | Reached skill level 5 in Maces & Flails
  9634 | D:8      | Noticed Pikel
  9640 | D:8      | Killed Pikel
  9766 | D:8      | Found a snail-covered altar of Cheibriados.
  9891 | D:9      | Reached XP level 10. HP: 77/84 MP: 7/9
 10097 | D:9      | Found a white marble altar of Elyvilon.
 10152 | D:9      | Identified a scroll of acquirement
 10152 | D:9      | Acquired a +2 broad axe of electrocution
 10228 | D:9      | Found a staircase to the Orcish Mines.
 10389 | D:9      | Found a hide-covered altar of Uskayaw.
 10395 | D:9      | Found a blossoming altar of Fedhas.
 10395 | D:9      | Found an ornate altar of the Wu Jian Council.
 10395 | D:9      | Found a hazy altar of Hepliaklqana.
 10395 | D:9      | Found a sacrificial altar of Ru.
 10396 | D:9      | Found an opulent altar of Gozag.
 10397 | D:9      | Found a sparkling altar of Nemelex Xobeh.
 10402 | D:9      | Found a shimmering altar of Xom.
 10446 | D:9      | Reached skill level 5 in Shields
 10538 | D:9      | Reached **** piety under Dithmenos
 11226 | D:9      | Paralysed by a hornet for 2 turns
 11729 | D:2      | Bought a potion of haste for 140 gold pieces
 11858 | D:10     | Entered Level 10 of the Dungeon
 11894 | D:10     | Noticed a centaur warrior
 11905 | D:10     | Killed a centaur warrior
 12111 | D:10     | Noticed Erica
 12126 | D:10     | Killed Erica
 12286 | D:10     | Noticed a death yak
 12288 | D:10     | Noticed a death yak
 12294 | D:10     | Noticed a death yak
 12328 | D:9      | Killed a death yak
 12329 | D:9      | Reached skill level 10 in Shields
 12329 | D:9      | Reached XP level 11. HP: 49/91 MP: 5/10
 12911 | D:10     | Found Gureptie's General Store.
 12919 | D:10     | Bought a potion of heal wounds for 80 gold pieces
 12923 | D:10     | Noticed a two-headed ogre
 12935 | D:10     | Killed a two-headed ogre
 12954 | D:10     | Noticed a two-headed ogre
 12969 | D:10     | Killed a two-headed ogre
 12976 | D:10     | Noticed an orc knight
 12993 | D:10     | Killed an orc knight
 13045 | D:10     | Noticed a purple ugly thing
 13055 | D:10     | Killed a purple ugly thing
 13065 | D:10     | Noticed Harold
 13073 | D:10     | Killed Harold
 13075 | D:10     | Noticed a centaur warrior
 13087 | D:10     | Killed a centaur warrior
 13107 | D:10     | Noticed Urug
 13109 | D:10     | Noticed a two-headed ogre
 13113 | D:10     | Killed a two-headed ogre
 13609 | D:10     | Found a staircase to the Lair.
 13933 | D:10     | Killed Urug
 13934 | D:10     | Reached skill level 10 in Maces & Flails
 14535 | D:10     | Noticed a centaur warrior
 14546 | D:10     | Killed a centaur warrior
 14581 | D:10     | Noticed a centaur warrior
 14582 | D:10     | Reached XP level 12. HP: 54/97 MP: 11/11
 14594 | D:10     | Killed a centaur warrior
 15395 | D:10     | Noticed Josephine
 15407 | D:10     | Killed Josephine
 15688 | D:10     | Killed a death yak
 15689 | D:10     | Reached skill level 1 in Invocations
 15689 | D:10     | Reached skill level 1 in Evocations
 15752 | D:10     | Killed a death yak
 16373 | Lair:1   | Entered Level 1 of the Lair of Beasts
 16941 | Lair:1   | Found a transporter.
 17258 | Lair:1   | Noticed quinnr's ghost (journeyman DjFE)
 17270 | Lair:1   | Noticed a six-headed hydra
 17279 | Lair:1   | Killed a six-headed hydra
 17605 | Lair:1   | Found a transporter.
 18126 | Lair:2   | Reached skill level 5 in Invocations
 18625 | Lair:2   | Reached skill level 1 in Slings
 19434 | Lair:3   | Noticed an eight-headed hydra
 19456 | Lair:3   | Killed an eight-headed hydra
 19897 | Lair:3   | Reached XP level 13. HP: 86/104 MP: 11/15
 20486 | Lair:3   | Found a burning altar of Makhleb.
 21023 | Lair:3   | Reached skill level 10 in Armour
 21275 | Lair:3   | Found a staircase to the Swamp.
 21983 | Lair:4   | Reached skill level 1 in Dodging
 22392 | Lair:4   | Reached ***** piety under Dithmenos
 22689 | Lair:4   | Found a staircase to the Snake Pit.
 22760 | Lair:4   | Found a runed translucent door.
 22760 | Lair:4   | Found a shimmering altar of Xom.
 22760 | Lair:4   | Noticed paul's ghost (journeyman DrCj)
 22986 | Lair:4   | Reached skill level 5 in Dodging
 25564 | Lair:6   | Entered Level 6 of the Lair of Beasts
 25604 | Lair:6   | Found a viscous altar of Jiyva.
 25604 | Lair:6   | Found a staircase to the Slime Pits.
 25621 | Lair:6   | Reached XP level 14. HP: 80/111 MP: 13/16
 25657 | Lair:6   | Found a frozen archway.
 25672 | IceCv    | Entered an ice cave
 27579 | IceCv    | Reached skill level 5 in Slings
 27845 | IceCv    | Noticed a quicksilver ooze
 27868 | IceCv    | Noticed an azure jelly
 27871 | IceCv    | Found a viscous altar of Jiyva.
 27871 | IceCv    | Noticed an azure jelly
 27875 | IceCv    | Noticed a quicksilver ooze
 29180 | Lair:6   | Reached ****** piety under Dithmenos
 29268 | Lair:6   | Reached skill level 10 in Slings
 30017 | Lair:6   | Acquired a +2 hat of see invisible
 30044 | Lair:6   | Identified the Grimoire of Bewitching Venom
 30048 | Lair:6   | Acquired the ring "Ekegoamo" {+Blink Will+ Dex+6}
 30695 | D:10     | Bought a potion of heal wounds for 80 gold pieces
 30695 | D:10     | Bought a wand of iceblast (10) for 224 gold pieces
 30728 | Orc:1    | Entered Level 1 of the Orcish Mines
 31031 | Orc:2    | Entered Level 2 of the Orcish Mines
 31040 | Orc:2    | Noticed an orc warlord
 31187 | Orc:2    | Slain by an orc warrior

Illustrated notes

Levels and vault maps discovered:
D:1:      dpeg_arrival_simpleton_c, layout_basic,
          hellmonk_ecumenical_altar_lost_god, roderic_nine_men_s_morris,
          ebering_dispersal_statue_hall, serial_bayou_crossing
D:2:      layout_basic, serial_shops, shop
D:3:      layout_loops_ring, lemuel_doored_altar
D:4:      corexii_shantytown, layout_cave_pools, general_overflow_altar,
          gammafunk_temple_overflow_pools, serial_forest,
          infiniplex_forest_straight_3, infiniplex_forest_end_2,
          infiniplex_forest_lined_3, infiniplex_forest_lined_3,
          infiniplex_forest_diagonal, infiniplex_forest_clump_cross,
          minmay_lizard_king
D:5:      layout_loops_cross, bloody_trog, minmay_temple_entry_sparse_star,
          gammafunk_ghost_hive, serial_shops, nicolae_shop_trees,
          water_maze_lemuel
D:6:      layout_basic, serial_aquarium, aquarium_bridge_square
          [aquarium_subvault_bridge, aquarium_subvault_bridge,
          aquarium_subvault_bridge, aquarium_subvault_wall],
          aquarium_window_fake, aquarium_window_fake, aquarium_view_2b,
          aquarium_balcony_3b, serial_shops, shop, fountainhead
D:7:      layout_loops_corners, nicolae_overflow_hidden_temple,
          gammafunk_ghost_wrathful_warriors
D:8:      layout_cave_pools, lemuel_coloured_pillars_altar,
          columned_hall_lemuel, uniq_pikel
D:9:      layout_loops_ring, elyvilon_altar_4, minitemple,
          minmay_orc_entry_temple_small
D:10:     minmay_the_grid_3x3 [minmay_the_grid_empty,
          minmay_the_grid_pillar_ring, minmay_the_grid_tiny_cups,
          minmay_the_grid_armoury, minmay_the_grid_plusring,
          minmay_the_grid_all_tris, minmay_the_grid_expand,
          minmay_the_grid_spikes, minmay_the_grid_prize_big_room],
          layout_loops_ring, dpeg_lair_monsters, serial_shops, shop,
          st_stairs_2, minmay_crystal_water, chequers_serial_rivers_small_a,
          grunt_decor_mini_mirrors, uniq_urug, uniq_harold, uniq_erica,
          uniq_josephine
Lair:1:   layout_cave_pods, gammafunk_ghost_berserking_beasts
Lair:2:   layout_gridlike, pond
Lair:3:   layout_misc_corridors, nicolae_swamp_entry_splash_gauntlet,
          basic_altar, grunt_megastairs_4
Lair:4:   layout_cave_pods, guppyfry_snake_entry_garden, ebering_ghost_xom,
          infiniplex_staircase_pool_2
Lair:5:   layout_hall_layers, st_stairs_12
Lair:6:   minmay_lair_end_frog_pond, layout_cave_pods, slime_altar_1,
          portal_ice_cave_entry_pillars_2
Orc:1:    layout_caves, minmay_orc_temple_a
Orc:2:    grunt_orc_gardens, layout_caves, grunt_orc_garden, grunt_orc_garden,
          grunt_orc_garden, grunt_orc_garden

Skill      XL: |  1  2  3  4  5  6  7  8  9 10 11 12 13 14 |
---------------+-------------------------------------------+-----
Axes           | 3 4 5 6 7 8 10 12 | 12.5
Throwing       | 3 |  3.0
Fighting       | 6 8 |  8.0
Armour         | 5 6 11 | 11.1
Maces & Flails | 9 11 13 | 13.2
Shields        | 10 13 | 13.7
Invocations    | 5 |  5.0
Evocations     | 4 |  4.5
Slings         | 3 11 | 11.6
Dodging        | 8 9 |  9.2

Action                   |  1- 3 |  4- 6 |  7- 9 | 10-12 | 13-15 || total
-------------------------+-------+-------+-------+-------+-------++-------
Melee: War axe           |    80 |       |   111 |       |       ||   191
       Headbutt          |    14 |    30 |    51 |    98 |    99 ||   292
       Dagger            |    28 |   201 |    86 |       |       ||   315
       Morningstar       |       |       |    57 |    22 |   453 ||   532
       Broad axe         |       |       |       |   415 |     6 ||   421
 Fire: Fustibalus        |       |       |       |    43 |   550 ||   593
Throw: Stone             |    53 |    46 |       |    11 |    14 ||   124
       Dart              |       |    18 |    71 |   118 |    38 ||   245
Invok: Shadow Step       |       |       |       |       |     2 ||     2
 Abil: Evoke Blink       |       |       |       |       |     1 ||     1
Evoke: Wand              |       |       |       |     5 |    63 ||    68
       Lightning rod     |       |       |       |       |    14 ||    14
       Box of beasts     |       |       |       |       |     3 ||     3
       Tin of tremorston |       |       |       |       |     3 ||     3
  Use: Scroll            |       |       |    16 |    12 |    14 ||    42
       Potion            |       |       |     2 |     6 |    11 ||    19
 Stab: Confused          |       |       |       |     1 |     1 ||     2
       Distracted        |       |       |       |       |     1 ||     1
Armor: Scale mail        |    10 |       |       |       |       ||    10
       Plate armour      |    45 |   107 |   102 |       |       ||   254
       Chain mail        |       |       |    64 |   184 |   232 ||   480
Dodge: Dodged            |    18 |    37 |    65 |   124 |   251 ||   495
       Repelled          |       |       |       |       |     2 ||     2
Block: Kite shield       |    60 |    88 |   143 |   295 |   492 ||  1078

Table legend: (Time is in decaauts)
 A = Elapsed time spent in this place.
 B = Non-inter-level travel time spent in this place.
 C = Inter-level travel time spent in this place.
 D = Time resting spent in this place.
 E = Time spent auto-exploring this place.
 F = Levels seen in this place.
 G = Mean time per level.
                   A        B        C        D        E       F      G
               +--------+--------+--------+--------+--------+-----+--------+
         Total |  31308 |  30179 |   1129 |  10439 |  14381 |  19 | 1647.8 |
       Dungeon |  16667 |  15842 |    825 |   5354 |   7619 |  10 | 1666.7 |
          Lair |  11990 |  11700 |    290 |   3795 |   6015 |   6 | 1998.3 |
  Orcish Mines |    408 |    394 |     14 |    100 |    150 |   2 |  204.0 |
      Ice Cave |   2242 |   2242 |      0 |   1189 |    597 |   1 | 2242.0 |
               +--------+--------+--------+--------+--------+-----+--------+

Top non-repeatable levels by time:
    D:10: 4036 daAuts
  Lair:6: 2661 daAuts
  Lair:3: 2544 daAuts
     D:9: 2432 daAuts
   IceCv: 2242 daAuts
  Lair:5: 2120 daAuts
  Lair:4: 1804 daAuts
  Lair:1: 1741 daAuts
     D:7: 1730 daAuts
     D:4: 1427 daAuts
     D:6: 1423 daAuts
     D:5: 1279 daAuts
     D:3: 1253 daAuts
     D:1: 1129 daAuts
  Lair:2: 1117 daAuts
